 Dungeon Crawl Stone Soup version 0.27.1-4-g1640c2035a (webtiles) character file.

Game seed: 14342319128271383121

318 Gabide the Ducker (level 6, -5/44 HPs)
             Began as a Human Artificer on Nov 1, 2021.
             Was an Initiate of Ru.
             Killed by divine providence
             ... invoked by an orc priest
              (15 damage)
             ... on level 4 of the Dungeon.
             The game lasted 00:06:37 (4411 turns).

Gabide the Ducker (Human Artificer)                 Turns: 4411, Time: 00:06:38

Health: -5/44      AC:  4    Str: 13    XL:     6   Next: 74%
Magic:  6/6        EV: 13    Int: 11    God:    Ru [......]
Gold:   66         SH:  0    Dex: 15    Spells: 5/5 levels left

rFire    . . .     SeeInvis .   h - +2 dagger (protect)
rCold    . . .     Faith    .   (no shield)
rNeg     . . .     Spirit   .   b - +0 leather armour
rPois    .         Reflect  .   m - +0 helmet
rElec    .         Harm     .   (no cloak)
rCorr    +         Rampage  .   (no gloves)
Will     .....                  (no boots)
Stlth    +.........             (no amulet)
HPRegen  0.14/turn              i - ring of resist corrosion
MPRegen  0.10/turn              (no ring)

@: lethally poisoned (-5 -> -11)
A: no striking features
a: Renounce Religion


You were on level 4 of the Dungeon.
You worshipped Ru.
Ru was noncommittal.
You visited 1 branch of the dungeon, and saw 4 of its levels.

You collected 66 gold pieces.

Inventory:

Hand Weapons
 h - a +2 dagger of protection (weapon)
Armour
 b - a +0 leather armour (worn)
 m - a +0 helmet (worn)
Jewellery
 i - a ring of resist corrosion (left hand)
Wands
 c - a wand of flame (4) (quivered)
 d - a wand of charming (15)
Scrolls
 a - 2 scrolls of immolation
 g - 2 scrolls of holy word
Potions
 j - 2 potions of might {unknown}
 k - a potion of magic {unknown}
 l - a potion of lignification {unknown}
 n - a potion of brilliance {unknown}
 o - a potion of attraction {unknown}
Miscellaneous
 e - a piece from Xom's chessboard (15/15)


   Skills:
 + Level 2.0 Fighting
 + Level 3.1 Short Blades
 + Level 0.4 Maces & Flails
 + Level 2.5 Armour
 * Level 4.0 Dodging
 - Level 1.0 Stealth
 + Level 3.6 Evocations


You had 5 spell levels left.
You didn't know any spells.
Your spell library contained the following spells:

 Spells                   Type           Power      Damage    Failure   Level
 Freeze                   Ice            0%         1d3       41%         1
 Frozen Ramparts          Ice            0%         1d2       80%         3
 Hailstorm                Conj/Ice       0%         3d3       99%         4


Dungeon Overview and Level Annotations

Branches:
Dungeon (4/15)             Temple (0/1) D:4

Altars:
Ru


Message History

Pain shoots through your body! The orc hits you but does no damage.
The hobgoblin barely misses you. The orc closely misses you.
You hit the orc priest.
The orc priest is moderately wounded.
The orc hits you from afar with a +0 trident.
The orc hits you with a +0 hand axe.
The orc priest mumbles some strange prayers to Beogh against you.
Beogh smites you!
* * * LOW HITPOINT WARNING * * *
The hobgoblin barely misses you.
You are too injured to fight recklessly!
Okay, then.
As you read the scroll labelled VYFIPN GEDIETY, it crumbles to dust.
It is a scroll of enchant weapon.
Your +1 dagger of protection glows red for a moment.
The orc hits you with a +2 short sword of venom.
* * * LOW HITPOINT WARNING * * *
You are lethally poisoned!
The orc barely misses you. The orc closely misses you.
The orc priest hits you with a +0 trident.
* * * LOW HITPOINT WARNING * * *
The hobgoblin misses you.
It was a potion of curing.
You feel better. The orc closely misses you. The orc misses you.
The orc hits you but does no damage.
The orc priest hits you but does no damage.
The hobgoblin hits you but does no damage.
The orc priest misses you.
You feel better.
The orc closely misses you. x2; The orc priest misses you.
The hobgoblin closely misses you.
The orc priest invokes the aid of Beogh against you.
Beogh smites you!
* * * LOW HITPOINT WARNING * * *
You feel better. The orc hits you but does no damage.
You are poisoned.
The hobgoblin misses you.
You feel very sick.
You feel sick.
The orc priest calls down the wrath of Beogh upon you.
Beogh smites you!
You die...

....+.........
...#.........
#...........
#.........#
#......####.. #
#....o....... §§
##...og.#######.§#
........o.o......§..
..........@........#
#.........>....>....+
#............<......#
###..................
#.....##..b.......#
#..... #.#.......#.
.#+#. #....###..#
..#..# ..# ##.#..# .#


You could see an orc priest, 3 orcs and a hobgoblin.

Vanquished Creatures
  Sigmund (D:2)
  An iguana (D:3)
  Robin (D:3)
  4 adders
  A worm (D:2)
  4 endoplasms
  4 giant cockroaches
  12 goblins
  7 hobgoblins
  8 jackals (D:1)
  7 kobolds
  2 quokkas (D:1)
  10 ball pythons
  7 bats
  6 frilled lizards
  5 rats
80 creatures vanquished.

Notes
Turn   | Place    | Note
-------+----------+-------------------------------------------
     0 | D:1      | Gabide the Human Artificer began the quest for the Orb.
     0 | D:1      | Reached XP level 1. HP: 15/15 MP: 1/1
   140 | D:1      | Reached XP level 2. HP: 6/21 MP: 2/2
   872 | D:1      | Reached XP level 3. HP: 8/26 MP: 3/3
  1599 | D:1      | Reached skill level 2 in Dodging
  2184 | D:1      | Reached XP level 4. HP: 32/32 MP: 4/4
  2492 | D:2      | Reached skill level 1 in Short Blades
  2755 | D:2      | Noticed Sigmund
  2771 | D:2      | Killed Sigmund
  2772 | D:2      | Reached skill level 3 in Dodging
  2772 | D:2      | Reached XP level 5. HP: 18/38 MP: 5/5
  2772 | D:2      | Reached XP level 6. HP: 21/44 MP: 6/6
  3747 | D:3      | Found a sacrificial altar of Ru.
  3763 | D:3      | Became a worshipper of Ru the Awakened
  3854 | D:3      | Noticed Robin
  3910 | D:3      | Killed Robin
  4172 | D:3      | Reached skill level 4 in Dodging
  4388 | D:4      | Found a staircase to the Ecumenical Temple.
  4404 | D:4      | HP: 1/44 [orc priest (2)]
  4411 | D:4      | Killed from afar by an orc priest

Illustrated notes

Levels and vault maps discovered:
D:1:      psy_arrival_conway, layout_basic, serial_corexii_hall,
          chequers_hall_statues_y, corexii_hall_statues_t, st_stairs_3,
          minmay_heptomino_l4
D:2:      layout_rooms, uniq_sigmund
D:3:      layout_loops_ring, nicolae_ru_great_annihilating_truth, uniq_robin
D:4:      layout_basic, mainiacjoe_overflow_paths,
          grunt_dithmenos_smoke_and_mirrors, minitemple,
          mainiacjoe_overflow_alcove_2, minmay_temple_entry_butterflies,
          nicolae_ossuary_entry_ruins

Skill      XL: |  1  2  3  4  5  6 |
---------------+-------------------+-----
Dodging        | 2 3 4 |  4.0
Short Blades   | 2 3 |  3.1
Fighting       | 2 |  2.0
Maces & Flails | |  0.4
Armour         | |  2.5
Stealth        | |  1.0
Evocations     | |  3.6

Action                   |  1- 3 |  4- 6 || total
-------------------------+-------+-------++-------
Melee: Club              |    77 |       ||    77
       Dagger            |   108 |   268 ||   376
Evoke: Wand              |     8 |     3 ||    11
       Piece from Xom's  |       |     1 ||     1
  Use: Scroll            |     5 |     2 ||     7
       Potion            |       |     3 ||     3
 Stab: Sleeping          |     1 |     1 ||     2
       Petrified         |       |     7 ||     7
       Petrifying        |       |     1 ||     1
       Paralysed         |       |     1 ||     1
Armor: Leather armour    |   102 |    81 ||   183
Dodge: Dodged            |   163 |   169 ||   332
